 Dungeon Crawl Stone Soup version 0.25-a0-518-g7669666 (webtiles) character file.

Game seed: 7366603638285923094, levelgen mode: deterministic

201 wolfsongas the Ruffian (level 5, 53/53 HPs)
             Began as a Troll Monk on Feb 17, 2020.
             Quit the game on level 2 of the Dungeon on Feb 18, 2020.
             The game lasted 00:04:26 (2050 turns).

wolfsongas the Ruffian (Troll Monk)                 Turns: 2050, Time: 00:04:27

Health: 53/53      AC:  5    Str: 19    XL:     5   Next: 50%
Magic:  4/4        EV:  7    Int:  6    God:
Gold:   73         SH:  7    Dex: 13    Spells: 4/4 levels left

rFire    . . .     SeeInvis .     - Unarmed
rCold    + . .     Gourm    +   i - +0 kite shield
rNeg     + . .     Faith    .   a - +0 robe
rPois    .         Spirit   .   (helmet restricted)
rElec    .         Reflect  .   (no cloak)
rCorr    .         Harm     .   (gloves unavailable)
MR       .....     Clarity  +   (boots unavailable)
Stlth    ++........             (no amulet)
HPRegen  0.57/turn              f - ring of positive energy
MPRegen  0.09/turn              h - ring of protection from cold

@: very slightly contaminated
A: large, unfitting armour, claws 3, clarity, deformed body, fast metabolism 3,
gourmand, regeneration 1, shaggy fur 1, tough skin 3
a: no special abilities


You were on level 2 of the Dungeon.
You were completely stuffed.

You visited 1 branch of the dungeon, and saw 2 of its levels.

You collected 73 gold pieces.

Inventory:

Armour
 a - a +0 robe (worn)
 i - a +0 kite shield (worn)
Jewellery
 f - a ring of positive energy (left claw)
 h - a ring of protection from cold (right claw)
Scrolls
 r - a scroll of teleportation
Potions
 c - 2 potions of heal wounds
 d - 2 potions of ambrosia
 g - a potion of degeneration
 q - a potion of haste
Comestibles
 b - 2 rations
 j - 3 chunks of flesh


   Skills:
 + Level 3.5 Fighting
 - Level 2.4 Dodging
 - Level 1.0 Stealth
 * Level 5.4 Unarmed Combat


You had 4 spell levels left.
You didn't know any spells.
Your spell library was empty.

Dungeon Overview and Level Annotations

Branches:
Dungeon (2/15)

Altars:

Annotations:
D:2 1 runed translucent door, Crazy Yiuf


Innate Abilities, Weirdness & Mutations

You are too large for most types of armour.
You have claws for hands.
Your metabolism is lightning-fast.
You like to eat raw meat.
Your natural rate of healing is unusually fast.
You are covered in fur. (AC +1)
You have extremely tough skin. (AC +3)
You possess an exceptional clarity of mind.
Armour fits poorly on your strangely shaped body.


Message History

Okay, then.
It was a potion of mutation.
You feel extremely strange.
Your body twists and deforms.
Your thoughts seem clearer.
It was a potion of curing.
You feel better.
Unknown command.
Level annotation: 1 runed translucent door, Crazy Yiuf Welcome back, wolfsongas the Troll Monk.
Press ? for a list of commands and other information.
Unknown command.
Quiver which item? (- for none, * to show all) (? for menu, Esc to quit)
You don't have any such object.
Quiver which item? (- for none, * to show all) (? for menu, Esc to quit)
Huh?
Quiver which item? (- for none, * to show all) (? for menu, Esc to quit)
You don't have any such object.
Quiver which item? (- for none, * to show all) (? for menu, Esc to quit)
You don't have any such object.
Quiver which item? (- for none, * to show all) (? for menu, Esc to quit)
Okay, then.
Are you sure you want to abandon this character and quit the game? (Confirm with "yes".)

#.# #........# #.#
#....###.# ..# ######
### ..# #### <## #..#
## #.## ### ♣♣#### #
#..# #)..#♣♣
♣♣..+.####### # #.##
#...+.♣♣♣♣........÷..#
######..#
#)).#♣@.♣)......####.#
.......## ###
♣♣♣.♣...+..# #.#
######.# ♣♣♣♣♣#####
#.# .......# #.##
######.# ### #÷.# #.#
#.# ##.# #.### #.# #.#
#...# ########.# #.#
###.# #.....##.# #.#


There were no monsters in sight!

Vanquished Creatures
  Terence (D:2)
  Natasha (D:2)
  4 gnolls (D:2)
  4 adders (D:2)
  An ooze (D:2)
  2 worms (D:2)
  A leopard gecko (D:1)
  2 giant cockroaches (D:2)
  4 goblins
  5 hobgoblins
  A quokka (D:2)
  A ball python (D:1)
  6 bats
  4 frilled lizards
  6 kobolds
  7 rats
50 creatures vanquished.

Vanquished Creatures (others)
  Natasha (D:2)
1 creature vanquished.

Grand Total: 51 creatures vanquished

Notes
Turn   | Place    | Note
-------+----------+-------------------------------------------
     0 | D:1      | wolfsongas the Troll Monk began the quest for the Orb.
     0 | D:1      | Reached XP level 1. HP: 22/22 MP: 0/0
   373 | D:1      | Reached XP level 2. HP: 29/29 MP: 1/1
  1119 | D:2      | Reached XP level 3. HP: 36/36 MP: 2/2
  1141 | D:2      | Reached skill level 4 in Unarmed Combat
  1288 | D:2      | Reached XP level 4. HP: 45/45 MP: 3/3
  1370 | D:2      | Noticed Natasha
  1379 | D:2      | Killed Natasha
  1399 | D:2      | Reached skill level 5 in Unarmed Combat
  1399 | D:2      | Reached XP level 5. HP: 49/53 MP: 4/4
  1403 | D:2      | Noticed Natasha
  1423 | D:2      | Killed Natasha
  1565 | D:2      | Noticed Terence
  1570 | D:2      | Killed Terence
  1856 | D:2      | Found a runed translucent door.
  1857 | D:2      | Noticed Crazy Yiuf
  2048 | D:2      | Gained mutation: Armour fits poorly on your strangely
                  | shaped body. [potion of mutation]
  2048 | D:2      | Gained mutation: You possess an exceptional clarity of
                  | mind. [potion of mutation]
  2050 | D:2      | Quit the game

Levels and vault maps discovered:
D:1:      minmay_arrival_solitary_statue, layout_basic
D:2:      layout_loops_ring, serial_park_tiny_2, chequers_serial_rivers_room_a,
          uniq_terence, uniq_natasha, uniq_crazy_yiuf_cottage

Skill      XL: |  1  2  3  4 |
---------------+-------------+-----
Unarmed Combat | 4 5 |  5.4
Fighting       | 3 |  3.5
Dodging        | |  2.4
Stealth        | |  1.0

Action                   |  1- 3 |  4- 6 || total
-------------------------+-------+-------++-------
Melee: Unarmed           |    56 |    53 ||   109
  Use: Scroll            |     4 |     7 ||    11
       Potion            |       |     2 ||     2
 Stab: Sleeping          |     2 |     3 ||     5
  Eat: Chunk             |    17 |     7 ||    24
Armor: Robe              |    24 |    18 ||    42
Dodge: Dodged            |    17 |    11 ||    28
Block: Kite shield       |    13 |    16 ||    29

Table legend:
 A = Non-vault XP
 B = Vault XP
 C = Vault XP percentage of total XP
 D = Non-vault monster count
 E = Vault monster count
 F = Vault count percentage of total count
                 A         B        C        D         E       F
            +---------+---------+-------+---------+---------+-------
      Total |     217 |      71 |  24.7 |      49 |       2 |   3.9
            +---------+---------+-------+---------+---------+-------
        D:1 |      23 |       0 |   0.0 |      16 |       0 |   0.0
        D:2 |     194 |      71 |  26.8 |      33 |       2 |   5.7
            +---------+---------+-------+---------+---------+-------
